[Event "44th Chess Olympiad Open 2022"]
[Site "Chennai"]
[Date "2022.07.30"]
[Round "2.32"]
[White "Albornoz Cabrera, Carlos Daniel"]
[Black "Balogun, Oluwafemi"]
[Result "1-0"]
[ECO "B08"]
[WhiteElo "2566"]
[BlackElo "2274"]
[Annotator "TA"]
[PlyCount "61"]
[EventDate "2022.07.29"]
[EventType "team-tourn"]
[EventCountry "IND"]
[SourceTitle "playchess.com"]
[Source "ChessBase"]
[SourceQuality "1"]
[WhiteTeam "Cuba"]
[BlackTeam "Nigeria"]
[WhiteTeamCountry "CUB"]
[BlackTeamCountry "NGR"]
[TimeControl "40/5400+30:1800+30"]

1. e4 g6 2. d4 Bg7 3. Nc3 c6 4. Nf3 d6 5. Be3 Nf6 6. Qd2 Bg4 7. h4 $5 {[%emt 0:08:23][%mdl 4] Exploring less charted territory. B08: Pirc Defence: Classical System.} Bxf3 8. gxf3 Nbd7 {[%emt 0:07:30] [#]} 9. f4 $146 {[%emt 0:07:50] White is better.} ({Predecessor:} 9. Be2 Qa5 10. f4 O-O-O 11. a3 Kb8 12. b4 Qc7 13. h5 Nxh5 14. Bxh5 gxh5 15. Rxh5 {1-0 (41) Rieger,M (2147)-Brack,J (1936) Sinzing 2014}) 9... Ng4 10. h5 Rg8 11. hxg6 hxg6 12. Bh3 Nxe3 13. fxe3 e6 14. O-O-O Qa5 15. f5 exf5 16. exf5 O-O-O (16... gxf5 $2 17. Rdf1 $18) (16... g5 $14) 17. Rdg1 Bf6 18. fxg6 fxg6 19. Be6 (19. Qf2 $142 Rdf8 20. Qg3) 19... Rge8 $16 20. Bf7 {[%emt 0:01:50][%cal Be6f7,Bf7g6,Bg6f5][%mdl 32] White is more active.} Re7 21. Bxg6 Nb6 $2 (21... Kb8 $16) 22. Rh5 d5 {[%emt 0:03:03] [#]} 23. Qf2 $1 Nd7 24. Bf5 $36 {[%emt 0:04:06][%mdl 2048] And now Bxd7+ would win. Keeping Black busy.} Rf8 25. e4 {[%emt 0:05:21] e5 is the strong threat.} Kb8 26. e5 (26. exd5 $18 Ref7 27. dxc6 bxc6 28. Qe3) 26... Bg7 $2 {[%emt 0:00:31][%mdl 8192] [#]} (26... Nxe5 $16 27. dxe5 Bxe5) 27. Rh7 $18 Ref7 28. Rg5 ({Weaker is} 28. Rgxg7 Rxf5 29. Qe2 Rf2 $16) 28... Bh8 (28... Bf6 $142 29. exf6 Rxh7) 29. Rxf7 {[%emt 0:00:26] White is clearly winning.} Rxf7 30. e6 Qd8 31. Qg3+ {[%emt 0:00:21] Weighted Error Value: White=0.25 (precise) /Black=0.60} 1-0

[Event "44th Chess Olympiad Open 2022"]
[Site "Chennai"]
[Date "2022.07.30"]
[Round "2.32"]
[White "Kigigha, Bomo"]
[Black "Quesada Perez, Luis Ernesto"]
[Result "0-1"]
[ECO "A09"]
[WhiteElo "2251"]
[BlackElo "2549"]
[Annotator "TA"]
[PlyCount "60"]
[EventDate "2022.07.29"]
[EventType "team-tourn"]
[EventCountry "IND"]
[SourceTitle "playchess.com"]
[Source "ChessBase"]
[SourceQuality "1"]
[WhiteTeam "Nigeria"]
[BlackTeam "Cuba"]
[WhiteTeamCountry "NGR"]
[BlackTeamCountry "CUB"]
[TimeControl "40/5400+30:1800+30"]

1. Nf3 d5 2. c4 d4 3. b4 f6 4. e3 e5 5. Nxe5 fxe5 6. Qh5+ {[%emt 0:00:06] A09: Réti Opening: 1 Nf3 d5 2 c4.} Ke7 {[%emt 0:02:22] [#]} 7. b5 $146 (7. Qxe5+ $142 Kf7 8. c5) ({Predecessor:} 7. Qxe5+ Kf7 8. c5 Be6 9. Bb2 Nf6 10. Na3 Nc6 11. Qf4 Nxb4 12. Bxd4 Be7 13. Rb1 {0-1 (26) Ochman,T (1853)-Watarkar,Y (1495) Prague 2019}) 7... c5 $19 8. Qxe5+ {[%emt 0:02:57] Black is clearly better.} Kf7 9. Bb2 Nf6 {[%emt 0:00:14] And now ...Bd6 would win.} 10. Qf4 Bd6 11. Qh4 Re8 12. Be2 Nbd7 13. O-O Ne5 {[%emt 0:04:57] Strongly threatening ...Ng6.} 14. exd4 (14. f4 {was worth a try.} Ng6 15. Qf2) 14... Ng6 {[%emt 0:01:55][%csl LRe2,LRh4] Pair of Knights!} 15. Bh5 Re4 16. f4 {[%emt 0:03:56] [#]} Bg4 $1 17. Bxg6+ hxg6 18. Nc3 Rxd4 19. Nd5 Nxd5 (19... Be2 $19 20. Nxf6 (20. Bxd4 $2 Nxd5 21. Qh3 Bxf1 $19) 20... Qxf6 21. Qxf6+ gxf6 22. Bxd4 cxd4) 20. Qxd8 $2 {[%emt 0:02:09] White does not recover from this.} (20. Qxg4 $17 Nf6 21. Qf3 Rxf4 22. Qxb7+ Kg8 23. d3) 20... Rxd8 21. Bxd4 cxd4 22. cxd5 Be2 {[%emt 0:00:10][%mdl 64] [#] Deflection} 23. Rfb1 d3 ({Weaker is} 23... Bxf4 24. Rf1 Bxf1 25. Rxf1 $17) 24. Rc1 $2 (24. g3 {keeps fighting.}) 24... Bb4 ({Not} 24... Bxf4 25. Rf1 g5 26. g3 $17) 25. Rc7+ Kg8 26. Rxb7 (26. g3 $142 Bxd2 27. Kf2) 26... Bxd2 {[%emt 0:00:11] aiming for ...Be3+.} 27. Re7 {[%emt 0:00:07] Prevents Be3+.} Rxd5 28. Rb1 (28. Kf2 $142) 28... Bxf4 {[%emt 0:01:06] Black is clearly winning.} 29. Kf2 Rf5 {[%emt 0:04:35] ( -> ...Bg5+)} 30. Ke1 Be3 {[%emt 0:00:28] Weighted Error Value: White=0.88/Black=0.38} 0-1

[Event "44th Chess Olympiad Open 2022"]
[Site "Chennai"]
[Date "2022.07.30"]
[Round "2.32"]
[White "Okeke Issac"]
[Black "Quesada Perez, Yasser"]
[Result "0-1"]
[ECO "B33"]
[WhiteElo "2204"]
[BlackElo "2568"]
[Annotator "TA"]
[PlyCount "74"]
[EventDate "2022.07.29"]
[EventType "team-tourn"]
[EventCountry "IND"]
[SourceTitle "playchess.com"]
[Source "ChessBase"]
[SourceQuality "1"]
[WhiteTeam "Nigeria"]
[BlackTeam "Cuba"]
[WhiteTeamCountry "NGR"]
[BlackTeamCountry "CUB"]
[TimeControl "40/5400+30:1800+30"]

1. e4 c5 2. Nf3 Nc6 3. d4 cxd4 4. Nxd4 Qb6 5. Nb3 Nf6 6. Nc3 e6 7. Qe2 Bb4 8. Bd2 O-O 9. a3 {[%emt 0:00:09] B33: Sicilian: Pelikan and Sveshnikov Variations.} Be7 10. O-O-O d5 11. exd5 {[%emt 0:00:18] White is slightly better.} Nxd5 12. Nxd5 exd5 13. Be3 Qc7 {[%emt 0:01:07] [#]} 14. f4 $146 ({Predecessor:} 14. g3 Rd8 15. Bg2 Bf5 16. Rxd5 Rxd5 17. Bxd5 Rc8 18. Bf4 Qb6 19. Re1 h6 20. Be3 {1-0 (26) Rodshtein,M (2664)-Landa,K (2640) Germany 2013}) 14... Re8 15. Qf3 Bd6 16. Kb1 (16. Rxd5 $2 Rxe3 $1 17. Qd1 (17. Qxe3 $2 Bxf4 18. Qd2 Be6 $19) 17... Bxf4 $19) 16... Qe7 {[%emt 0:03:09] [#]} (16... Bf5 $11 {remains equal.} 17. Bd3 Be4 18. Bxe4 dxe4) 17. Bc1 $1 $16 (17. Qxd5 Bxa3 18. Bc5 Bxc5 19. Qxc5 Bg4 $15) (17. Rxd5 Qxe3 18. Rxd6 Qxf3 19. gxf3 Re1+ 20. Nc1 Bh3 $17) 17... a5 18. Bb5 ({Much less strong is} 18. Qxd5 a4 19. Nd4 (19. Qxd6 axb3 20. Qxe7 bxc2+ 21. Kxc2 Rxe7 $16) 19... Bc5) (18. Rxd5 Be6 $14) 18... Qc7 19. Rxd5 Be6 20. Rdd1 a4 21. Nd4 Nxd4 22. Rxd4 Qb6 23. Qd3 Bc5 24. Bxe8 Bxd4 25. Bb5 {[%emt 0:10:19] f5 is the strong threat.} g6 {[%emt 0:10:45] Against f5} 26. Rd1 {[%emt 0:00:00] Black must now prevent f5.} Bf6 27. Be3 Qa5 {[%emt 0:00:00] Threatens to win with ...Rd8.} 28. Qe2 Qc7 (28... Bg4 $142 29. Qxg4 Qxb5) 29. g4 Ra5 30. Bd2 Ra8 31. Be3 (31. Bc1 $16) 31... Rc8 (31... Ra5 $1 $11 {keeps the balance.}) 32. Bxa4 (32. f5 $16 gxf5 33. gxf5 Bxf5 34. Bxa4) 32... Bxb2 $1 $40 {[%emt 0:00:03][%mdl 192] Decoy. Black has some attack.} 33. Kxb2 (33. Bd4 $11 {and White stays safe.} Bxd4 34. Rxd4) 33... Qc3+ $19 34. Kc1 ({Reject} 34. Kb1 Qxa3 35. c3 Qxa4 $19) 34... Qxa3+ 35. Kd2 {[%emt 0:00:12][%cal Oe3d4] And now Bd4! would win.} Qxa4 (35... Qc3+ $19 {is more deadly.} 36. Kc1 Bc4) 36. Rc1 $2 (36. Ke1 $17) 36... Qe4 (36... Re8 $142 {Hoping for ...Bc4.} 37. Qg2 Qa3) 37. h3 $2 (37. Qd3 Qg2+ 38. Qe2 Qd5+ 39. Ke1 Qh1+ 40. Qf1 Qxh2 41. Qg1 Qh4+ 42. Qf2 Qxg4 43. Bd4) 37... Rd8+ {[%emt 0:00:23] Weighted Error Value: White=0.65/Black=0.45} 0-1

[Event "44th Chess Olympiad Open 2022"]
[Site "Chennai"]
[Date "2022.07.30"]
[Round "2.33"]
[White "Dragnev, Valentin"]
[Black "Berend, Elvira"]
[Result "1/2-1/2"]
[ECO "D40"]
[WhiteElo "2557"]
[BlackElo "2333"]
[Annotator "TA"]
[PlyCount "84"]
[EventDate "2022.07.29"]
[EventType "team-tourn"]
[EventCountry "IND"]
[SourceTitle "playchess.com"]
[Source "ChessBase"]
[SourceQuality "1"]
[WhiteTeam "Austria"]
[BlackTeam "Luxembourg"]
[WhiteTeamCountry "AUT"]
[BlackTeamCountry "LUX"]
[TimeControl "40/5400+30:1800+30"]

1. d4 Nf6 2. c4 e6 3. Nf3 d5 4. Nc3 c5 5. e3 Nc6 6. a3 a6 7. dxc5 Bxc5 8. b4 Ba7 9. Bb2 O-O 10. Qc2 Qe7 11. Rd1 Rd8 12. Be2 dxc4 13. Rxd8+ Nxd8 14. Ne4 {[%emt 0:11:14] D40: Queen's Gambit Declined: Semi-Tarrasch with 5 e3.} Nxe4 15. Qxe4 Bd7 16. Bxc4 {[%emt 0:02:08] White is slightly better.} Rc8 {[%emt 0:04:08][%cal Of7f5] [#]} 17. Ne5 {[%emt 0:03:59] White is much more active.} (17. Bb3 $1 $16) 17... Bb5 $11 18. Bxb5 axb5 {[%emt 0:00:11] [#]} 19. Qd3 $146 ({Predecessor:} 19. O-O f6 20. Nf3 {½-½ (20) Ross,D (2318)-Vera Gonzalez Quevedo,R (2509) Montreal 2003}) 19... f6 20. Nf3 Nf7 21. O-O Nd6 22. Bd4 b6 23. e4 e5 24. Be3 Qe6 25. h3 Nc4 26. Nh4 g6 27. Rd1 {[%emt 0:04:56] The position is equal.} Bb8 28. Qd7 Qxd7 29. Rxd7 Bd6 30. Bxb6 Bf8 31. Bd8 Bg7 32. Be7 Nxa3 33. Bc5 Bf8 34. Bxf8 Rxf8 {[%emt 0:00:09][%mdl 4096] Endgame KRN-KRN} 35. Ra7 Nc2 36. Rb7 {[%emt 0:00:26] Prevents Rb8.} Nxb4 37. Rxb5 Nc2 38. Nf3 Rd8 39. Rb6 Kg7 40. Rb7+ Kg8 41. Rb6 Kg7 42. Rb7+ Kg8 {[%emt 0:00:05] Weighted Error Value: White=0.05 (flawless) /Black=0.04 (flawless)} 1/2-1/2

[Event "44th Chess Olympiad Open 2022"]
[Site "Chennai"]
[Date "2022.07.30"]
[Round "2.33"]
[White "Schartz, Alain"]
[Black "Horvath, Dominik"]
[Result "0-1"]
[ECO "B22"]
[WhiteElo "2086"]
[BlackElo "2488"]
[Annotator "TA"]
[PlyCount "72"]
[EventDate "2022.07.29"]
[EventType "team-tourn"]
[EventCountry "IND"]
[SourceTitle "playchess.com"]
[Source "ChessBase"]
[SourceQuality "1"]
[WhiteTeam "Luxembourg"]
[BlackTeam "Austria"]
[WhiteTeamCountry "LUX"]
[BlackTeamCountry "AUT"]
[TimeControl "40/5400+30:1800+30"]

1. e4 {[%emt 0:00:03][%cal Be2e4,Be4e5][%mdl 32] ChessBase II} c5 2. Nf3 Nc6 3. c3 Nf6 4. e5 Nd5 5. d4 cxd4 6. cxd4 d6 7. Bc4 dxe5 {[%emt 0:01:28] B22: Sicilian: 2 c3.} 8. Nxe5 Be6 9. O-O g6 {[%emt 0:15:57] The position is equal.} 10. Bb5 Rc8 11. Qa4 a6 12. Bxc6+ bxc6 {[%emt 0:00:06] [#]} 13. Nc3 $146 ({Predecessor:} 13. Rd1 Bg7 14. Qxa6 O-O 15. a3 c5 16. Qe2 cxd4 17. b4 d3 18. Qe1 Rc2 19. Bg5 Re2 {0-1 (21) Gisolf,R-Rout,I ICCF corr 1985 Corr Nr. 1 [ChessBase II]}) 13... Bg7 14. Nxd5 Qxd5 15. Be3 O-O 16. b4 {[%emt 0:07:03] Prevents c5.} Qb5 17. Qxb5 cxb5 18. a4 Rc3 (18... f6 $5 19. Nf3 Rc4 20. axb5 axb5 $17) 19. axb5 axb5 20. Ra7 Re8 (20... Rd8 $15) 21. Rb7 $11 f6 22. Nf3 (22. Nd7 $1 $11) 22... Rb3 $36 {[%emt 0:00:45][%mdl 2048] Black has good play.} 23. Bd2 (23. Re1 $15) 23... Bd5 $17 24. Rb6 g5 ({Better is} 24... Ra8 25. Re1 Ra2 26. Rb8+ Kf7) 25. Rc1 Bc4 26. h3 h5 27. Ne1 (27. Bc3 $142) 27... Ra8 {[%emt 0:00:44] Black is more active.} 28. Nf3 {[%emt 0:01:13] [#]} (28. d5 $17) 28... Ra2 $1 $19 29. Be1 {[%emt 0:00:06] [#]} (29. Be3 {was called for.}) 29... Rd3 $1 30. Rb8+ Kf7 31. Rd8 (31. Rb7 $142) 31... Bh6 {[%emt 0:00:41] White must now prevent ...g4.} 32. Rb1 (32. Rh8 $142 Kg7 33. Rxh6 Kxh6 34. Bc3) 32... g4 {[%emt 0:07:05] Black is clearly winning.} 33. hxg4 hxg4 34. Nh4 (34. Nh2 $142 f5 35. Rh8) 34... Rda3 35. Nf5 Bg5 {[%emt 0:00:04] ...Bd3 is the strong threat. A strong pair of Bishops.} 36. Kh2 Bd3 {[%emt 0:00:06][%csl LRb1,LRf5] Weighted Error Value: White=0.57/Black=0.17 (very precise)} 0-1

[Event "44th Chess Olympiad Open 2022"]
[Site "Chennai"]
[Date "2022.07.30"]
[Round "2.34"]
[White "Tan, Jun Ying"]
[Black "Druska, Juraj"]
[Result "1/2-1/2"]
[ECO "A58"]
[WhiteElo "2191"]
[BlackElo "2519"]
[Annotator "TA"]
[PlyCount "67"]
[EventDate "2022.07.29"]
[EventType "team-tourn"]
[EventCountry "IND"]
[SourceTitle "playchess.com"]
[Source "ChessBase"]
[SourceQuality "1"]
[WhiteTeam "Malaysia"]
[BlackTeam "Slovakia"]
[WhiteTeamCountry "MAS"]
[BlackTeamCountry "SVK"]
[TimeControl "40/5400+30:1800+30"]

1. d4 Nf6 2. c4 c5 3. d5 b5 4. cxb5 a6 5. bxa6 g6 6. Nc3 {[%emt 0:00:15][%cal Oa6a7] A58: Benko/Volga Gambit: Lines with 5 bxa6.} Bg7 7. Nf3 O-O 8. g3 {[%emt 0:00:24] White is slightly better.} Qa5 9. Bd2 Nxa6 10. Bg2 d6 {[%emt 0:00:18] Prevents Ne5.} 11. O-O Qb6 {[%emt 0:00:07] [#]} 12. Qc1 $146 (12. Bc1 $11) ({Predecessor:} 12. b3 Nc7 13. e4 e6 14. dxe6 fxe6 15. e5 Nfd5 16. Na4 Qc6 17. exd6 Qxd6 18. Rc1 {1-0 (44) Nenezic,M (2528)-Weishaeutel,M (2407) Chess.com INT 2022}) 12... Nb4 13. Bh6 Nbxd5 (13... Bb7 {is interesting.} 14. Bxg7 Kxg7 15. Nd2 Nbxd5 16. e4 Nc7) 14. Nxd5 Nxd5 15. Bxg7 Kxg7 16. Ne5 dxe5 17. Bxd5 Ra4 18. Qc3 Rd4 19. Bf3 Qd6 20. Rfc1 Ba6 21. e3 Rc4 22. Qe1 (22. Qa5 $5 ) 22... Rb4 23. b3 c4 24. bxc4 Rc8 25. a4 Rbxc4 26. Rxc4 Rxc4 27. Be2 Rc6 28. Bxa6 (28. a5 {is more complex.} Qd5 29. Bf1 Rd6 30. h4) 28... Rxa6 $11 {[%emt 0:00:02][%mdl 4096] Endgame KQR-KQR} 29. a5 Qc5 30. e4 Qd4 31. Kg2 Qc5 32. Kg1 Qd4 33. Kg2 Qc5 34. Kg1 {[%emt 0:00:29] Weighted Error Value: White=0.09 (flawless) /Black=0.07 (flawless)} 1/2-1/2

[Event "44th Chess Olympiad Open 2022"]
[Site "Chennai"]
[Date "2022.07.30"]
[Round "2.36"]
[White "Pelletier, Yannick"]
[Black "Al-Aqrabi, Saleh"]
[Result "1-0"]
[ECO "D02"]
[WhiteElo "2551"]
[BlackElo "2172"]
[Annotator "TA"]
[PlyCount "75"]
[EventDate "2022.07.29"]
[EventType "team-tourn"]
[EventCountry "IND"]
[SourceTitle "playchess.com"]
[Source "ChessBase"]
[SourceQuality "1"]
[WhiteTeam "Switzerland"]
[BlackTeam "Yemen"]
[WhiteTeamCountry "SUI"]
[BlackTeamCountry "YEM"]
[TimeControl "40/5400+30:1800+30"]

1. Nf3 d5 2. d4 c6 3. Bf4 Bf5 4. e3 e6 5. c4 Qb6 6. Qc1 {[%emt 0:02:13] D02: 1 d4 d5 2 Nf3 sidelines, including 2...Nf6 3 g3 and 2...Nf6 3 Bf4.} h6 7. Nc3 Nd7 8. c5 {[%emt 0:03:12] White is slightly better.} Qd8 9. b4 Ngf6 10. h3 Be7 {[%emt 0:00:07] [#]} 11. Nd2 $146 ({Predecessor:} 11. Be2 O-O 12. O-O Ne4 13. Na4 Bf6 14. Nb2 Ng5 15. Nd2 e5 16. dxe5 Nxe5 17. Bxe5 Bxe5 {1-0 (60) Karjakin,S (2786)-Nezad,H (2365) Tromsoe 2014}) 11... O-O 12. Be2 Re8 13. g4 Bg6 14. Bg3 Qc8 (14... b6 $142) 15. h4 Ne4 {[%emt 0:14:30] [#]} (15... b6 $11 {remains equal.}) 16. Ncxe4 $1 $16 dxe4 17. Nc4 b5 {[%emt 0:04:34] [#]} 18. Nd6 Bxd6 19. Bxd6 Qd8 20. a4 a6 21. Qb2 Nf6 22. h5 Bh7 23. Kd2 {[%emt 0:01:20] White is more active.} Nd5 24. axb5 axb5 25. Rxa8 Qxa8 26. Ra1 $36 {[%emt 0:00:02][%cal Bh1a1,Ba1a7,Ba7b7][%mdl 2080] Black is under pressure.} Qc8 (26... Qb7 $1 $14) 27. Ra7 $18 f6 28. Qa3 Kh8 29. Qa5 Bg8 30. f3 (30. Qa1 $18) 30... Bh7 (30... exf3 $16 31. Bxf3 e5) 31. f4 Qd8 (31... Bg8 {was called for.} 32. Qa3 Bh7) 32. Rb7 Qa8 33. Rd7 Bg8 34. Bd1 Qc8 $2 (34... Qxa5 35. bxa5 Ra8) 35. Qa7 {[%emt 0:00:33] White is clearly winning.} Nxb4 36. Rxg7 {[%emt 0:00:27] Intending Rg6 and mate.} Qa8 37. g5 hxg5 38. fxg5 {[%emt 0:00:08] Weighted Error Value: White=0.10 (very precise) /Black=0.43} 1-0

[Event "44th Chess Olympiad Open 2022"]
[Site "Chennai"]
[Date "2022.07.30"]
[Round "2.37"]
[White "Juarez Flores, Carlos A."]
[Black "Escalante Ramirez, Brian Sebasti"]
[Result "1-0"]
[ECO "E01"]
[WhiteElo "2335"]
[BlackElo "2496"]
[Annotator "TA"]
[PlyCount "85"]
[EventDate "2022.07.29"]
[EventType "team-tourn"]
[EventCountry "IND"]
[SourceTitle "playchess.com"]
[Source "ChessBase"]
[SourceQuality "1"]
[WhiteTeam "Guatemala"]
[BlackTeam "Peru"]
[WhiteTeamCountry "GUA"]
[BlackTeamCountry "PER"]
[TimeControl "40/5400+30:1800+30"]

1. d4 e6 2. Nf3 Nf6 3. g3 c5 4. c4 cxd4 5. Nxd4 d5 6. Bg2 e5 7. Nc2 d4 8. O-O Nc6 9. e3 d3 {[%emt 0:07:53] White must now prevent ...Bg4. E01: Catalan: Early deviations.} 10. Ne1 $1 e4 11. Nc3 Bb4 {[%emt 0:01:03] aiming for ...Bxc3. The position is equal.} 12. Bd2 Bg4 13. f3 $1 exf3 14. Bxf3 {[%emt 0:00:25] [#]} Bh3 $146 (14... Bxf3 $11 15. Qxf3 O-O) ({Predecessor:} 14... Bxf3 15. Nxf3 O-O 16. a3 Be7 17. b4 Qd7 18. Qb3 Rad8 19. Rad1 Rfe8 20. Bc1 Bf8 {1-0 (59) Dzyuban,O-Kishnev,S (2260) Barnaul 1984}) 15. Rf2 $1 $16 O-O 16. Nd5 Nxd5 17. Bxd5 Be6 18. Bxb4 $1 ({But not} 18. Nxd3 $6 Bxd5 19. Nxb4 (19. cxd5 Bxd2 20. Rxd2 Qxd5 $15) 19... Bxc4 $11) 18... Nxb4 19. e4 Bxd5 20. exd5 b5 21. Nxd3 (21. Qd2 {is more complex.} Na6 22. Nxd3 bxc4 23. Ne5) 21... Nxd3 22. Qxd3 {[%emt 0:00:02] Threatens to win with c5.} bxc4 23. Qxc4 Qb6 24. Rd1 Rad8 25. Qd4 $36 {[%emt 0:02:40][%mdl 2048] White is really pushing.} Qa6 26. d6 {[%emt 0:03:38][%cal Bd5d6,Bd6d7][%mdl 32] And now d7 would win.} Qxa2 ({Better is} 26... Rd7 $1 $14) 27. d7 Qb3 28. Ra1 (28. Re1 $18 {is more deadly.}) 28... Rb8 (28... Qe6 $16) 29. Rxa7 {[%emt 0:01:45] Hoping for Ra3.} Rfd8 30. Re2 {[%emt 0:04:13] Strongly threatening Ra1.} h5 $2 (30... Qb5 $16 {was called for.} 31. Rc2 f6) 31. Ra5 $2 ({White should try} 31. Ra3 $18 Qb5 32. Re7) 31... Qf3 {[%emt 0:02:12][%mdl 8192] [#]} (31... Rxd7 $14 32. Qxd7 Qb6+ 33. Rf2 Qxa5) 32. Rg5 $1 g6 {[%emt 0:02:19] [#]} (32... f6 33. Re7) 33. Rge5 (33. Re6 $142 $3 Qg4 34. Rxg4 hxg4 35. Re7) 33... Qc6 34. Re7 Rf8 35. b4 Ra8 36. Qe4 Ra1+ 37. Re1 {[%emt 0:04:33] Active counter play!} (37. Kg2 $142 Qxe4+ 38. R2xe4) 37... Qb6+ $18 38. Kh1 $1 Ra2 (38... Rxe1+ 39. Qxe1 Qd4) 39. Re8 {[%emt 0:00:26] White threatens Qd5 and mate.} Rd2 {[%emt 0:00:02] [#] Prevents Qd5.} 40. Qa8 $1 {[%emt 0:01:40] White mates.} ({Weaker is} 40. Rxf8+ Kxf8 41. Re2 Rd1+ 42. Re1 Rxe1+ 43. Qxe1 Qc6+ 44. Kg1 Qxd7 $11) 40... Qf2 41. Rxf8+ Kg7 42. Rg8+ Kh6 43. Qf8+ {[%emt 0:00:00] Weighted Error Value: White=0.45/Black=0.72} 1-0

[Event "44th Chess Olympiad Open 2022"]
[Site "Chennai"]
[Date "2022.07.30"]
[Round "2.40"]
[White "Kazhgaleyev, Murtas"]
[Black "Karimov, Alisher"]
[Result "0-1"]
[ECO "E28"]
[WhiteElo "2536"]
[BlackElo "2234"]
[Annotator "TA"]
[PlyCount "54"]
[EventDate "2022.07.29"]
[EventType "team-tourn"]
[EventCountry "IND"]
[SourceTitle "playchess.com"]
[Source "ChessBase"]
[SourceQuality "1"]
[WhiteTeam "Kazakhstan"]
[BlackTeam "Tajikistan"]
[WhiteTeamCountry "KAZ"]
[BlackTeamCountry "TJK"]
[TimeControl "40/5400+30:1800+30"]

1. d4 Nf6 2. c4 e6 3. Nc3 Bb4 4. e3 O-O 5. a3 Bxc3+ 6. bxc3 d6 7. Bd3 e5 8. Ne2 e4 9. Bb1 Be6 {[%emt 0:00:38] E28: Nimzo-Indian: Sämisch: 5...0-0 6 e3.} 10. Ba2 {[%emt 0:01:42] [#]} Re8 $146 ({Predecessor:} 10... Nbd7 11. Ng3 Nb6 12. Qe2 c5 13. Bb2 Rc8 14. Rc1 Re8 15. O-O Bg4 16. Qd2 h5 17. f3 exf3 18. gxf3 {0-1 (40) Einarsson,B (2175)-Vidarsson,J (2360) Hafnarfjordur 1996}) 11. Ng3 Nbd7 {[%emt 0:09:24] The position is equal.} 12. d5 (12. O-O $15) 12... Bg4 $17 13. f3 (13. Qc2 $17) 13... exf3 $19 14. gxf3 Bh3 15. e4 h5 (15... Ne5 $19 {Threatens to win with ...Nfd7.} 16. Qe2 Nfd7) 16. Rg1 $17 h4 (16... c6 $142 {And now ...cxd5 would win.} 17. Bf4 Qb6) 17. Ne2 Ne5 $36 {[%emt 0:00:43][%mdl 2048] Black has some pressure.} 18. Nd4 ({White has to play} 18. Nf4 $15 Qd7 19. Bb1) 18... c5 $19 19. dxc6 Qa5 ({Much less strong is} 19... Nxc6 20. Bg5 $14) 20. Qc2 {[%emt 0:14:31][%mdl 8192] [#]} (20. cxb7 $17 Rab8 21. Bd2 (21. Qb3 $2 Nxf3+ 22. Nxf3 Nxe4 $19)) 20... Nxf3+ $1 21. Nxf3 Rxe4+ 22. Kd1 Qf5 23. Qd3 {[%emt 0:12:48] Hoping for Rg5.} Ng4 {[%emt 0:05:48] White must now prevent ...Nf2+.} 24. cxb7 Rae8 {[%emt 0:02:36] [#] ( -> ...Nf2+)} 25. Kd2 Ne5 26. Nxe5 Qf2+ 27. Kd1 Bg4+ {[%emt 0:00:08] Weighted Error Value: White=1.51/Black=0.31} 0-1

[Event "44th Chess Olympiad Open 2022"]
[Site "Chennai"]
[Date "2022.07.30"]
[Round "2.41"]
[White "Sebenik, Matej"]
[Black "Lee, Jun Hyeok"]
[Result "1-0"]
[ECO "A89"]
[WhiteElo "2512"]
[BlackElo "2390"]
[Annotator "TA"]
[PlyCount "51"]
[EventDate "2022.07.29"]
[EventType "team-tourn"]
[EventCountry "IND"]
[SourceTitle "playchess.com"]
[Source "ChessBase"]
[SourceQuality "1"]
[WhiteTeam "Slovenia"]
[BlackTeam "Korea"]
[WhiteTeamCountry "SLO"]
[BlackTeamCountry "KOR"]
[TimeControl "40/5400+30:1800+30"]

1. Nf3 f5 2. c4 Nf6 3. g3 g6 4. Bg2 Bg7 5. O-O O-O 6. d4 d6 7. Nc3 Nc6 8. d5 Ne5 9. Qb3 Ned7 10. Be3 {[%emt 0:01:12] [#] A89: Dutch Defence: Leningrad System: 5 Nf3 0-0 6 0-0 d6 7 Nc3 Nc6.} a5 $146 ({Predecessor:} 10... Ng4 11. Bd4 Bxd4 12. Nxd4 Nc5 13. Qc2 e5 14. dxe6 c6 15. Rad1 Nxe6 16. Qd2 Qf6 17. Nxe6 Bxe6 18. Qxd6 Bxc4 {1-0 (57) Bassini,E (2221)-Bonnafous,M (1915) Cassis 2022}) 11. Rad1 (11. Ng5 {looks sharper.} Ng4 12. Ne6 Nxe3 13. Na4) 11... Nc5 12. Bxc5 {[%emt 0:22:32] White is better.} dxc5 13. Ng5 Rb8 ({Black should try} 13... Qd6) 14. Rfe1 (14. Qb5 $142) 14... Bh6 15. h4 {[%emt 0:11:32][%cal Bh2h4,Bh4g5][%mdl 32] 0x0.001681fd3bc8dp-1022s more active pieces. The black rooks are badly placed.} Ng4 16. Nb5 f4 {[%emt 0:08:08] [#]} (16... Bd7 $16 {keeps fighting.}) 17. gxf4 $1 $18 Rxf4 {[%emt 0:02:44] [#]} 18. Qg3 $1 Qf8 (18... Rxc4 $2 19. d6 cxd6 20. Bd5+ Kg7 21. Bxc4 $18) (18... Rxf2 $2 19. Bh3 $18) 19. Nxc7 Bxg5 (19... Rxf2 $2 20. Bf3 $18) 20. hxg5 {[%emt 0:00:04] Black must now prevent e3.} Ne5 21. b3 ({Much less strong is} 21. e3 $6 Nf3+ 22. Kf1 Rf5 $16) 21... Qf5 $2 (21... h5 {was worth a try.} 22. gxh6 Kh7) 22. f3 {[%emt 0:00:08] Threatens to win with d6. White is clearly winning.} h5 23. Bh3 Ng4 (23... h4 $142 24. Bxf5 hxg3) 24. d6 exd6 25. Nd5 {[%emt 0:00:07] Ne7+ is the strong threat.} Qe5 {[%emt 0:00:33] Against Ne7+} 26. Qxf4 {[%emt 0:00:15] White took control after the opening.  Weighted Error Value: White=0.13 (very precise) /Black=0.52} 1-0